 Dungeon Crawl Stone Soup version 0.30.1-9-gdf580d7c3d (webtiles) character file.

Game seed: 14638995751793722975

2995 lonewolfV2 the Summoner (level 9, -3/35 HPs)
             Began as a Felid Summoner on Sept 28, 2023.
             Slain by an orc warrior
             ... wielding a +0 flail
              (15 damage)
             ... on level 8 of the Dungeon.
             The game lasted 00:23:15 (10683 turns).

lonewolfV2 the Summoner (Felid Summoner)           Turns: 10683, Time: 00:23:15

Health: -3/35      AC:  2    Str:  4    XL:     9   Next: 54%
Magic:  24/32      EV: 19    Int: 29    God:
Gold:   1374       SH:  5    Dex: 17    Spells: 14/26 levels left
                                        Lives:  0   Deaths: 2

rFire   . .          .
                       - Unarmed
rCold   . . .        (shield unavailable)
rNeg    . . .        (body armour unavailable)
rPois   .            (helmet unavailable)
rElec   .            (cloak unavailable)
rCorr   .            (gloves unavailable)
SInv    +            (boots unavailable)
Will    +....        k - amulet of Equilibrium {Reflect Int+3 SH+5}
Stlth   +++          c - ring of magical power
HPRegen 0.25/turn    m - +6 ring of intelligence
MPRegen 0.23/turn

%: reflection
@: quick
A: very small, claws 1, fangs 3, see invisible, speed 1, shaggy fur 2, stealthy
paws, no weapons or thrown items, no armour, multi-lived
a: no special abilities


You were on level 8 of the Dungeon.
You visited 2 branches of the dungeon, and saw 9 of its levels.

You collected 1374 gold pieces.

Inventory:

Jewellery
 c - a ring of magical power (left paw)
 k - the amulet of Equilibrium (around neck) {Reflect Int+3 SH+5}
   (You acquired it on level 4 of the Dungeon)

   [amulet of reflection]

   It reflects blocked missile attacks.
   Int:       It affects your intelligence (+3).
   SH:        It affects your SH (+5).
 m - a +6 ring of intelligence (right paw)
 n - a ring of poison resistance
 o - a +4 ring of protection
 r - a ring of flight
 u - an amulet of faith
 w - a +6 ring of intelligence
Wands
 s - a wand of flame (10)
Scrolls
 b - 3 scrolls of fog
 f - 5 scrolls of teleportation
 h - 2 scrolls of blinking
 j - 3 scrolls of amnesia
 q - 4 scrolls of noise
 t - 7 scrolls of identify
Potions
 a - 3 potions of magic
 d - a potion of heal wounds
 e - 4 potions of curing
 g - 3 potions of mutation
 i - 3 potions of flight
 l - 2 potions of haste
 p - 2 potions of might
 v - a potion of degeneration {unknown}


   Skills:
 + Level 1.3 Fighting
 + Level 5.1 Dodging
 + Level 4.2 Stealth
 + Level 2.2 Unarmed Combat
 + Level 9.0 Spellcasting
 + Level 10.3 Summonings
 + Level 0.4 Air Magic


You had 14 spell levels left.
You knew the following spells:

 Your Spells              Type           Power      Damage    Failure   Level
a - Summon Small Mammal   Summ           100%       N/A       1%          1
b - Call Imp              Summ           100%       N/A       1%          2
c - Call Canine Familiar  Summ           64%        N/A       1%          3
d - Summon Lightning Spi  Summ/Air       44%        N/A       4%          4
e - Blink                 Tloc           26%        N/A       6%          2

Your spell library contained the following spells:

 Spells                   Type           Power      Damage    Failure   Level
 Summon Guardian Golem    Hex/Summ       43%        N/A       1%          3
 Lesser Beckoning         Tloc           26%        N/A       6%          2
 Momentum Strike          Conj/Tloc      26%        3d8       6%          2


Dungeon Overview and Level Annotations

Branches:
Dungeon (8/15)             Temple (1/1) D:7            Lair (0/5) D:8

Altars:
Ashenzari
Cheibriados
Dithmenos
Elyvilon
Gozag
Hepliaklqana
Kikubaaqudgha
Nemelex Xobeh
Okawaru
Sif Muna
Trog
Vehumet
Wu Jian
Xom
Yredelemnul
Zin

Shops:
D:5 =

Annotations:
D:5 2 transporters


Innate Abilities, Weirdness & Mutations

You have sharp claws.
You have razor-sharp teeth.
You have supernaturally acute eyesight. (SInv)
You cover ground quickly. (Speed+)
You are covered in thick fur. (AC +2)
Your paws help you pounce on unaware monsters.
You are incapable of wielding weapons or throwing items.
You cannot wear armour.
You gain extra lives every three experience levels.


Message History

Confirm with . or Enter, or press ? or * to list all spells.
The killer bee closely misses you.
Your bat closely misses the killer bee.
Your cerulean imp barely misses the killer bee.
The killer bee closely misses you.
Your bat barely misses the killer bee.
The orc wizard barely misses your lightning spire.
Your quokka closely misses the killer bee.
Your bat misses the killer bee.
Your cerulean imp barely misses the killer bee.
Your warg completely misses the killer bee.
The orc warrior hits your bat with a +0 flail!
Your bat dies!
Your bat's corpse disappears in a puff of smoke!
The orc wizard hits your lightning spire but does no damage.
The killer bee closely misses you. The orc barely misses your quokka.
You swap places.
The killer bee barely misses you.
Your cerulean imp completely misses the killer bee.
Your warg misses the killer bee.
Your quokka barely misses the killer bee.
The killer bee attacks as you move away!
The killer bee barely misses you. The orc closely misses your quokka.
The orc wizard barely misses your lightning spire.
Your cerulean imp misses the killer bee.
The killer bee barely misses you. You block the killer bee's attack.
The orc wizard hits your lightning spire but does no damage.
Your warg barely misses the killer bee.
Your quokka closely misses the killer bee.
Your cerulean imp closely misses the killer bee.
The killer bee attacks as you move away!
The killer bee misses you.
Your lightning spire disappears in a puff of smoke!
The killer bee stings you. The orc warrior closely misses you.
Your quokka barely misses the orc warrior.
The killer bee misses you.
Your cerulean imp closely misses the killer bee.
Your warg misses the killer bee. You block the killer bee's attack.
Your quokka bites the orc warrior.
You block the killer bee's attack. The orc hits you with a +0 trident!
The orc warrior hits you with a +0 flail!
You die...

................### #####
..................#######.
#......).................
#................#######.
#.......§[............##.
#.......††.§.............
#........§o§.............
#........or5............[
#.......@oh..............
#........y...............
#####################.##.
#.##. #.##. #.... #####


You could see an orc warrior, a killer bee (ally target), an orc wizard
(invisible, distracted), an orc, a friendly warg (summoned), a friendly cerulean
imp (summoned) and a friendly quokka (summoned).

Vanquished Creatures
  A black bear (D:7)
  A bullfrog (D:6)
  An orc priest (D:5)
  Jessica (D:2)
  An iguana (D:5)
  A white imp (D:7)
  2 endoplasms
  2 goblins (D:2)
  2 hobgoblins
  2 frilled lizards
  A kobold (D:4)
  A rat (D:1)
16 creatures vanquished.

Vanquished Creatures (collateral kills)
  Prince Ribbit (D:5)
  4 water moccasins
  Duvessa (D:6)
  2 orc warriors (D:8)
  2 sky beasts (D:7)
  5 black bears
  2 ice beasts
  An ogre (D:7)
  2 kobold brigands
  3 bullfrogs
  6 scorpions
  5 wights (D:6)
  Dowan (D:6)
  2 killer bees (D:8)
  3 jellies
  5 orc priests
  A hound (D:5)
  A sleepcap (D:8)
  2 iguanas
  6 orc wizards
  Robin (D:2)
  4 gnolls (D:5)
  5 adders
  4 white imps
  2 ufetubi
  2 worms
  2 dart slugs (D:2)
  23 orcs
  8 ball pythons
  5 endoplasms
  2 giant cockroaches
  13 goblins
  8 hobgoblins
  8 jackals
  14 kobolds
  A quokka (D:1)
  6 bats
  A frilled lizard (D:2)
  4 rats
168 creatures vanquished.

Grand Total: 184 creatures vanquished

Notes
Turn   | Place    | Note
-------+----------+-------------------------------------------
     0 | D:1      | lonewolfV2 the Felid Summoner began the quest for the Orb.
     0 | D:1      | Reached XP level 1. HP: 7/7 MP: 4/4
   526 | D:1      | Reached XP level 2. HP: 10/11 MP: 3/6
   582 | D:1      | Learned a level 2 spell: Call Imp
  1475 | D:2      | Reached XP level 3. HP: 14/14 MP: 7/7
  1942 | D:2      | Noticed Robin
  2004 | D:2      | Reached XP level 4. HP: 11/18 MP: 8/9
  2048 | D:2      | Killed Robin
  2049 | D:2      | Reached skill level 1 in Unarmed Combat
  2664 | D:2      | Noticed Jessica
  2676 | D:2      | Killed Jessica
  3059 | D:2      | Learned a level 3 spell: Call Canine Familiar
  3187 | D:2      | Reached skill level 1 in Fighting
  3539 | D:3      | Reached XP level 5. HP: 22/22 MP: 11/11
  3562 | D:3      | Reached skill level 5 in Summonings
  3995 | D:3      | You fall into a shaft and drop 1 floor!
  3998 | D:4      | Identified a scroll of acquirement
  3998 | D:4      | Acquired the amulet of Equilibrium {Reflect Int+3 SH+5}
  4184 | D:4      | Gained mutation: You are covered in thick fur. (AC +2)
                  | [Felid growth]
  4184 | D:4      | Reached XP level 6. HP: 25/25 MP: 12/12
  4786 | D:5      | Entered Level 5 of the Dungeon
  4786 | D:5      | Found Dedy's Jewellery Shop.
  5254 | D:5      | Reached skill level 6 in Summonings
  5518 | D:5      | Found a transporter.
  5564 | D:5      | HP: 1/25 [poisoned by a scorpion]
  5565 | D:5      | Succumbed to a scorpion's poison
  5566 | D:5      | Reached XP level 5. HP: 0/22 MP: 13/21
  5581 | D:5      | Found a transporter.
  5598 | D:5      | Reached XP level 6. HP: 25/25 MP: 13/13
  5779 | D:5      | Noticed Prince Ribbit
  5804 | D:5      | Killed Prince Ribbit
  5805 | D:5      | Reached skill level 5 in Spellcasting
  5827 | D:5      | Reached XP level 7. HP: 27/28 MP: 14/15
  5846 | D:5      | Reached skill level 7 in Summonings
  6331 | D:5      | Learned a level 4 spell: Summon Lightning Spire
  7182 | D:6      | Noticed Duvessa
  7187 | D:6      | Noticed Dowan
  7201 | D:6      | Killed Duvessa
  7203 | D:6      | Killed Dowan
  7297 | D:6      | Reached XP level 8. HP: 32/32 MP: 18/18
  7350 | D:6      | Reached skill level 8 in Summonings
  7558 | D:6      | Slain by a wight
  7559 | D:6      | Reached XP level 7. HP: -4/26 MP: 17/26
  7677 | D:6      | Reached skill level 9 in Summonings
  8101 | D:6      | Reached XP level 8. HP: 23/32 MP: 19/19
  8805 | D:7      | Found a staircase to the Ecumenical Temple.
  8820 | Temple   | Entered the Ecumenical Temple
  9226 | D:7      | Identified the +0 leather armour of Wuckeism {*Slow rPois
                  | Regen+ Stlth+}
  9531 | D:8      | Acquired 948 gold pieces
  9642 | D:8      | Reached XP level 9. HP: 32/35 MP: 22/22
  9752 | D:8      | Reached skill level 5 in Dodging
  9834 | D:8      | Reached skill level 10 in Summonings
  9862 | D:8      | Found a staircase to the Lair.
 10239 | D:8      | Learned a level 2 spell: Blink
 10683 | D:8      | Slain by an orc warrior

Illustrated notes

Levels and vault maps discovered:
D:1:      grunt_arrival_crossed_arrows, layout_loops_ring,
          chequers_serial_rivers_marsh, minivault_19, st_stairs_11
D:2:      layout_loops_ring, kennysheep_generic_room_15, uniq_robin,
          uniq_jessica
D:3:      layout_loops_ring, minitemple
D:4:      layout_basic
D:5:      gammafunk_steamed_eel, layout_layer_cave, serial_shops, shop,
          uniq_prince_ribbit1
D:6:      layout_basic, kennysheep_generic_room_13, uniq_duvessa
D:7:      layout_basic, minmay_temple_entry_gardened_gates, grunt_ministairs_11
D:8:      layout_basic, due_lair_maze_entry_diamond
Temple:   compressed_dpeg_triangle_lava_temple

Skill      XL: |  1  2  3  4  5  6  7  8  9 |
---------------+----------------------------+-----
Stealth        | 3 4 |  4.2
Unarmed Combat | 1 2 |  2.2
Spellcasting   | 3 5 7 8 9 |  9.0
Fighting       | 1 |  1.3
Summonings     | 5 6 9 8 10 | 10.3
Dodging        | 3 4 5 |  5.1
Air Magic      | |  0.4

Action                     |  1- 3 |  4- 6 |  7- 9 || total
---------------------------+-------+-------+-------++-------
  Melee: Unarmed           |    28 |    63 |    27 ||   118
         Bite              |     1 |     9 |     6 ||    16
         Punch             |       |     1 |     1 ||     2
   Cast: Summon Small Mamm |    44 |    60 |    67 ||   171
         Call Imp          |    18 |    33 |    17 ||    68
         Call Canine Famil |       |    26 |    24 ||    50
         Summon Lightning  |       |       |    10 ||    10
         Blink             |       |       |     1 ||     1
    Use: Scroll            |     7 |     6 |     5 ||    18
         Potion            |       |     5 |       ||     5
   Stab: Distracted        |     1 |       |     1 ||     2
 Armour: Skin              |     5 |    14 |     5 ||    24
  Dodge: Dodged            |    49 |   126 |    92 ||   267
  Block: Other             |       |    30 |    22 ||    52
